 Dungeon Crawl Stone Soup version 0.21-a0-442-g848f44b (webtiles) character file.

196 4thArraOfDagon the Chopper (level 5, -7/47 HPs)
             Began as a Minotaur Abyssal Knight on Nov 16, 2017.
             Was a Follower of Lugonu.
             Mangled by a wyvern (13 damage)
             ... on level 6 of the Dungeon.
             The game lasted 00:06:56 (1692 turns).

4thArraOfDagon the Chopper (MiAK)                   Turns: 1692, Time: 00:06:57

Health: -7/47      AC:  8    Str: 17    XL:     5   Next: 45%
Magic:  6/6        EV: 10    Int: 10    God:    Lugonu [*.....]
Gold:   139        SH:  0    Dex:  9    Spells: 4/4 levels left

rFire    . . .     SeeInvis .   m - +1 hand axe (chop)
rCold    . . .     Gourm    .   (no shield)
rNeg     . . .     Faith    .   i - +0 scale mail
rPois    .         Spirit   .   (helmet restricted)
rElec    .         Reflect  .   (no cloak)
rCorr    .         Harm     .   q - +0 pair of gloves
MR       .....                  (no boots)
Stlth    ..........             (no amulet)
HPRegen  0.15/turn              (no ring)
MPRegen  0.10/turn              (no ring)

@: no status effects
A: retaliatory headbutt, horns 2
a: Depart the Abyss, Renounce Religion


You were on level 6 of the Dungeon.
You worshipped Lugonu.
Lugonu was aware of your devotion.
You were not hungry.

You visited 1 branch of the dungeon, and saw 7 of its levels.
You visited the Abyss 1 time.

You collected 139 gold pieces.

Inventory:

Hand Weapons
 a - a +1 hand axe
 m - a +1 hand axe of chopping (weapon)
Armour
 b - a +0 leather armour
 i - a +0 scale mail (worn)
 q - a +0 pair of gloves (worn)
Wands
 e - a wand of random effects (8/48)
 s - a wand of flame (22/48)
Scrolls
 g - 2 scrolls of remove curse
 l - a scroll of amnesia {unknown}
 n - a scroll of recharging {unknown}
 p - a scroll of noise {unknown}
Potions
 f - a potion of curing
 h - 2 potions of haste
 j - 2 potions of magic
 k - a potion of might
 r - a potion of invisibility
 t - a potion of flight {unknown}
Comestibles
 c - a bread ration
 d - a royal jelly
 o - 2 meat rations


   Skills:
 + Level 4.4 Fighting
 * Level 4.5 Axes
 + Level 3.5 Armour
 + Level 2.4 Dodging
 + Level 2.7 Invocations


You had 4 spell levels left.
You didn't know any spells.

Dungeon Overview and Level Annotations

Branches:
Dungeon (7/15)             Temple (0/1) D:6

Altars:
Sif Muna
Trog
Xom

Annotations:
D:4 Qupu's ghost, novice GnWn


Innate Abilities, Weirdness & Mutations

You reflexively headbutt those who attack you in melee.
You have a pair of horns on your head.


Message History

The wyvern is heavily wounded.
The fireball engulfs you!
This wand has 10 charges left.
The wyvern bites you. The wyvern bites you!
Unknown command.
Evoke which item? (* to show all) (? for menu, Esc to quit)
Aiming: Random Effects
Press: ? - help, Shift-Dir - straight line, f/p - wyvern
Aim: a wyvern (heavily wounded)
The wyvern flickers and vanishes!
Deactivating autopickup; reactivate with Ctrl-A.
This wand has 9 charges left.
Something bites you.
Unknown command.
Evoke which item? (* to show all) (? for menu, Esc to quit)
Aiming: Random Effects
Press: ? - help, Shift-Dir - straight line The bolt of poison hits something.
This wand has 8 charges left.
Something bites you!
* * * LOW HITPOINT WARNING * * *
Something bites you!
You die...

##8.8# .#8... #.#
.8.>. .... ..#.# #
8... ##.# #.#.# #.
#88 ##.# #.#.#
#.##.### # ##.###.#.#
#......####...# ....
..#.# ##..@{........
##.#
#.#.####...#.##......
.#.###.#........#.#
.....
..^....[..........+
....
.#.###.##......####
... ##.# #.###.##..#
.. ##.# #.# #.###....
. #.# #.# #.# #####
.<. ..# #.#


There were no monsters in sight!

Vanquished Creatures
  A centaur (D:6)
  A hound (D:4)
  Terence (D:3)
  3 adders
  2 oozes (D:6)
  5 orcs (D:6)
  A ball python (D:3)
  2 goblins (D:3)
  A hobgoblin (D:3)
  A quokka (D:3)
  2 bats (D:3)
  4 frilled lizards
  A giant cockroach zombie (D:5)
  A jackal skeleton (D:4)
  3 kobolds (D:3)
  A leopard gecko skeleton (D:4)
  3 rats
33 creatures vanquished.

Notes
Turn   | Place    | Note
-------+----------+-------------------------------------------
     0 | Abyss:1  | 4thArraOfDagon the Minotaur Abyssal Knight began the quest for the Orb.
     0 | Abyss:1  | Reached XP level 1. HP: 19/19 MP: 1/1
    16 | Abyss:1  | Thaneod: z deszczu pod rynne
    65 | Abyss:3  | Noticed a worldbinder
    68 | Abyss:3  | Noticed a naga
    74 | D:1      | Escaped the Abyss
   407 | D:3      | Noticed Terence
   474 | D:4      | Noticed Qupu's ghost (novice GnWn)
   553 | D:3      | Found a deep blue altar of Sif Muna.
   607 | D:2      | Noticed an orc warrior
   607 | D:2      | Noticed an orc priest
   683 | D:3      | Found a bloodstained altar of Trog.
   694 | D:3      | Reached * piety under Lugonu
   694 | D:3      | Reached XP level 2. HP: 10/27 MP: 2/2
   750 | D:3      | Killed Terence
   750 | D:3      | Reached XP level 3. HP: 9/33 MP: 3/3
   981 | D:4      | HP: 1/33 [something (3)]
   985 | D:4      | Reached XP level 4. HP: 3/40 MP: 4/4
  1118 | D:5      | Entered Level 5 of the Dungeon
  1118 | D:5      | Noticed a bullfrog
  1208 | D:5      | Found a shimmering altar of Xom.
  1512 | D:6      | Noticed a centaur
  1522 | D:6      | Killed a centaur
  1522 | D:6      | Reached XP level 5. HP: 23/47 MP: 5/5
  1679 | D:6      | Found a staircase to the Ecumenical Temple.
  1684 | D:6      | Noticed a wyvern
  1692 | D:6      | Mangled by a wyvern

Vault maps used:
D:1:      saegor_arrival_simple_b, minmay_misc_feat_tiny, minmay_lizard_pond
D:2:      first_bread
D:3:      lemuel_round_altar, overflow_temple_1_default, uniq_terence
D:5:      hangedman_feature_mirror, due_unseen_surprise, uniq_sigmund
D:6:      lemuel_crystal_altar, minmay_temple_entry_statues
D:7:      eat_drink_and_be_merry_uskayaw, minmay_overflow_temple_star_quad,
          nicolae_ru_awakened_eye
Abyss:2:  minivault_13, evilmike_abyss_exit_12
Abyss:3:  nicolae_abyss_rune_left_handed, evilmike_abyss_exit_17

Skill      XL: |  1  2  3  4 |
---------------+-------------+-----
Axes           | 3 4 |  4.5
Fighting       | 4 |  4.4
Invocations    | 2 |  2.7
Armour         | 3 |  3.5
Dodging        | 2 |  2.4

Action                   |  1- 3 |  4- 6 || total
-------------------------+-------+-------++-------
Melee: Hand axe          |    51 |    35 ||    86
       Headbutt          |     2 |     6 ||     8
Invok: Depart the Abyss  |     1 |       ||     1
Evoke: Wand              |    10 |    12 ||    22
  Use: Potion            |     3 |       ||     3
       Scroll            |     4 |     3 ||     7
  Eat: Royal jelly       |       |     2 ||     2
Armor: Leather armour    |    17 |       ||    17
       Scale mail        |    15 |    19 ||    34
Dodge: Dodged            |    34 |    20 ||    54

Table legend:
 A = Spawn XP
 B = Non-spawn XP
 C = Spawn XP percentage of total XP
 D = Spawn monster count
 E = Non-spawn monster count
 F = Spawn count percentage of total count
 G = Total turns spent on level
                    A         B        C        D         E        F      G
               +---------+---------+-------+---------+---------+-------+---------
         Total |       0 |     280 |   0.0 |       0 |      33 |   0.0 |  1692
               +---------+---------+-------+---------+---------+-------+---------
           D:1 |       0 |       2 |   0.0 |       0 |       2 |   0.0 |    72
           D:3 |       0 |      56 |   0.0 |       0 |      15 |   0.0 |   399
           D:4 |       0 |      68 |   0.0 |       0 |       5 |   0.0 |   511
           D:5 |       0 |      15 |   0.0 |       0 |       3 |   0.0 |   155
           D:6 |       0 |     139 |   0.0 |       0 |       8 |   0.0 |   201
               +---------+---------+-------+---------+---------+-------+---------
